 Dungeon Crawl Stone Soup version 0.30-a0-390-g80c34de (webtiles) character file.

Game seed: 18153393376622739915

11083 porkupine the Fighter (level 11, -12/105 HPs)
             Began as a Minotaur Monk on Dec 4, 2022.
             Was the Champion of Lugonu.
             Mangled by an orange demon (13 damage)
             ... summoned by a kobold demonologist
             ... on level 11 of the Dungeon.
             The game lasted 00:34:44 (11358 turns).

porkupine the Fighter (Minotaur Monk)              Turns: 11358, Time: 00:34:45

Health: -12/105    AC: -3    Str: 14    XL:     11   Next: 44%
Magic:  15/15      EV: 12    Int:  7    God:    Lugonu [******]
Gold:   475        SH:  0    Dex: 20    Spells: 10/10 levels left

rFire   + . .      SeeInvis .    a - +3 battleaxe (freeze)
rCold   + . .      Faith    .    (shield currently unavailable)
rNeg    . . .      Spirit   .    T - +2 storm dragon scales
rPois   .          Reflect  .    (helmet restricted)
rElec   +          Harm     .    m - scarf {rC+ rF+}
rCorr   .          Rampage  +    E - +1 pair of gloves "Fuppuo Cahax" {Rampage Will++ Regen+ Str-5}
Will    ++...                    (no boots)
Stlth   ..........               (no amulet)
HPRegen 1.17/turn                i - +6 ring of dexterity
MPRegen 0.14/turn                v - +4 ring of evasion

@: lethally poisoned (-12 -> -17), weakened, corroded
A: horns 2, retaliatory headbutt, low MP 1
a: Renounce Religion, Depart the Abyss, Banish, Corrupt, Enter the Abyss, Brand
Weapon With Distortion


You were on level 11 of the Dungeon.
You worshipped Lugonu.
Lugonu was exalted by your worship.
You visited 1 branch of the dungeon, and saw 11 of its levels.
You also visited: Sewer.

You collected 1579 gold pieces.
You spent 1104 gold pieces at shops.

Inventory:

Hand Weapons
 a - a +3 battleaxe of freezing (weapon)
 b - a +0 vorpal shortbow
 u - a +6 halberd
 w - a +0 flail of protection
 x - a +1 vorpal hand axe
 G - a +2 vorpal flail
 L - a +1 flail of holy wrath
 O - a +0 arbalest
 P - a +1 hand axe of freezing
 R - a +0 war axe of freezing
Missiles
 d - 26 poisoned darts (quivered)
 s - 10 boomerangs
 t - 6 javelins
 H - 4 throwing nets
 S - 4 datura-tipped darts
Armour
 m - a scarf of resistance (worn)
 E - the +1 pair of gloves "Fuppuo Cahax" (worn) {Rampage Will++ Regen+ Str-5}
   (You found it on level 6 of the Dungeon)

   Str:       It affects your strength (-5).
   Regen:     It increases your rate of health regeneration.
   Rampage:   It bestows one free step when moving towards enemies.
   Will:      It greatly increases your willpower.
 T - +2 storm dragon scales (worn)
Jewellery
 i - a +6 ring of dexterity (left hand)
 v - a +4 ring of evasion (right hand)
 I - a ring of willpower
Wands
 y - a wand of digging (9)
 F - a wand of mindburst (9)
 K - a wand of iceblast (9)
 M - a wand of charming (4)
Scrolls
 e - 4 scrolls of blinking
 k - 3 scrolls of teleportation
 n - a scroll of fog
 A - 2 scrolls of fear
Potions
 c - 7 potions of ambrosia
 f - a potion of haste {unknown}
 g - 5 potions of mutation
 h - 3 potions of flight
 j - 5 potions of might
 o - 3 potions of invisibility
 p - 3 potions of cancellation
 q - 2 potions of attraction {unknown}
 r - 8 potions of heal wounds
 B - a potion of brilliance {unknown}
 D - a potion of berserk rage {unknown}
 J - 2 potions of lignification
 N - 6 potions of curing


   Skills:
 + Level 12.7 Fighting
 + Level 5.2(8.6) Axes
 - Level 10.5(11.1) Maces & Flails
 - Level 0.6(3.3) Polearms
 + Level 5.4 Ranged Weapons
 - Level 5.5 Armour
 - Level 3.2 Dodging
 - Level 1.5 Stealth
 + Level 9.5 Invocations


You had 10 spell levels left.
You didn't know any spells.
Your spell library contained the following spells:

 Spells                   Type           Power      Damage    Failure   Level
 Apportation              Tloc           0%         N/A       100%        1
 Beastly Appendage        Tmut           0%         N/A       100%        1
 Necrotise                Necr           0%         1d4       100%        1
 Sting                    Tmut/Pois      0%         1d3       100%        1
 Summon Small Mammal      Summ           0%         N/A       100%        1
 Passwall                 Tmut/Erth      0%         N/A       100%        2
 Poisonous Vapours        Pois/Air       0%         N/A       100%        2
 Ignite Poison            Fire/Tmut/Pois 0%         N/A       100%        3
 Kindle Blastsparks       Fire/Tloc/Air  0%         2d10      100%        3
 Leda's Liquefaction      Hex/Erth       0%         N/A       100%        4
 Olgreb's Toxic Radiance  Pois           0%         N/A       100%        4
 Blade Hands              Tmut           0%         N/A       100%        5
 Freezing Cloud           Conj/Ice/Air   0%         6-21      100%        5
 Lee's Rapid Deconstruct  Erth           0%         3d4*      100%        5
 Summon Forest            Summ/Tloc      0%         N/A       100%        5
 Statue Form              Tmut/Erth      0%         N/A       100%        6
 Storm Form               Tmut/Air       0%         N/A       100%        7
 Chain Lightning          Conj/Air       0%         N/A       100%        9
 Fire Storm               Conj/Fire      0%         5d1       100%        9
 Shatter                  Erth           0%         3d5*      100%        9


Dungeon Overview and Level Annotations

Branches:
Dungeon (11/15)            Temple (0/1) D:7            Lair (0/5) D:8
    Orc (0/2) D:9           Sewer (visited)

Altars:
Cheibriados
Makhleb
Nemelex Xobeh
Okawaru
Trog
Wu Jian
Xom
Yredelemnul
Lugonu

Shops:
D:2 *[!

Annotations:
D:9 1 transporter, corrupted
D:11 exclusion: ice statue


Innate Abilities, Weirdness & Mutations

You have a pair of horns on your head.
You reflexively headbutt those who attack you in melee.
Your magical capacity is low. (-10% MP)


Message History

The kobold demonologist hits you with a +0 dagger.
The orange demon closely misses you.
You barely miss the kobold demonologist.
You headbutt the kobold demonologist, but do no damage.
The kobold demonologist is almost dead.
You hit the rust devil. You hit the orange demon. You freeze the orange demon.
* * * LOW HITPOINT WARNING * * *
You feel extremely sick. The orange demon stings you!
* * * LOW HITPOINT WARNING * * *
The orange demon barely misses you. The rust devil hits you.
* * * LOW HITPOINT WARNING * * *
The rust devil corrodes you! The orange demon stings you from afar.
* * * LOW HITPOINT WARNING * * *
You are more poisoned.
The orange demon poisons you!
The kobold demonologist mumbles some strange words.
You feel better. The orange demon closely misses you.
The orange demon hits you.
* * * LOW HITPOINT WARNING * * *
You feel as though you will be weak longer.
The rust devil barely misses you. You furiously retaliate!
You headbutt the rust devil. The orange demon stings you from afar!
* * * LOW HITPOINT WARNING * * *
You are poisoned.
The orange demon poisons you!
The kobold demonologist closely misses you.
You hit the kobold demonologist but do no damage.
The kobold demonologist is almost dead.
You barely miss the rust devil.
You hit the orange demon but do no damage.
* * * LOW HITPOINT WARNING * * *
You feel very sick. The orange demon stings you.
* * * LOW HITPOINT WARNING * * *
The orange demon barely misses you. The rust devil misses you.
You furiously retaliate!
You headbutt the rust devil, but do no damage.
The orange demon stings you from afar!
You die...

#....###...............#####.....
#....###.........................
#................................
###########...............#####..
#.#######..>###.'...#..
#...............#...+..
#####'#######...#####..
#...4......#.).# #..
#....@4....#)#.# ##
#####K####'#...# #. .554....)...#
#. ............# #.
.............# #. ..............#
#. .......).......# ##
.......#####'#### #..


You could see 2 orange demons, a rust devil (summoned), a kobold demonologist,
an iron imp (summoned) and an ufetubus (summoned).

Vanquished Creatures
  A two-headed ogre (D:9)
  Pikel (D:7)
  A komodo dragon (D:11)
  A kobold demonologist (D:11)
  A troll (D:8)
  A hornet (D:8)
  2 shadows
  2 vampires
  A wyvern (D:9)
  13 yaks
  Eustachio (D:4)
  Grum (D:8)
  4 steam dragons
  Menkaure (D:7)
  Edmund (D:5)
  3 water moccasins
  3 acid dragons
  2 sky beasts
  An orc warrior (D:9)
  A black bear (D:5)
  3 ogres
  5 wolves (D:8)
  4 centaurs
  A phantom (D:5)
  A lemure (D:7)
  A kobold brigand (D:7)
  2 gnoll sergeants (D:6)
  5 scorpions
  6 bullfrogs
  5 wights (D:9)
  15 killer bees
  6 howler monkeys
  2 electric eels (D:8)
  2 orc priests
  11 hounds
  2 iguanas
  5 jellies
  3 gnoll boudas
  Jessica (D:3)
  4 orc wizards
  A mummy (D:7)
  Robin (D:2)
  18 gnolls
  4 river rats (Sewer)
  10 adders
  A shadow imp (D:5)
  4 white imps
  2 ufetubi
  2 worms
  2 dart slugs
  31 orcs
  20 ball pythons
  10 endoplasms
  3 giant cockroaches
  15 hobgoblins
  9 jackals
  22 kobolds
  2 quokkas
  A bat (D:3)
  3 frilled lizards
  16 goblins
  3 hobgoblin zombies (D:7)
  An orc zombie (D:7)
  24 rats
  A spectral orc (D:6)
332 creatures vanquished.

Vanquished Creatures (others)
  The ghost of Stormy the Grappler, a journeyman TrEE of Wu Jian (D:9)
  A queen bee (D:9)
  A hornet (D:9)
  7 killer bees (D:9)
  An endoplasm (D:1)
  A goblin (D:1)
  17 fungi (D:5)
29 creatures vanquished.

Grand Total: 361 creatures vanquished

Notes
Turn   | Place    | Note
-------+----------+-------------------------------------------
     0 | D:1      | porkupine the Minotaur Monk began the quest for the Orb.
     0 | D:1      | Reached XP level 1. HP: 19/19 MP: 0/0
   278 | D:1      | Reached skill level 4 in Fighting
   338 | D:1      | Reached XP level 2. HP: 22/28 MP: 1/1
   577 | D:1      | Reached skill level 5 in Fighting
   593 | D:1      | Reached XP level 3. HP: 36/36 MP: 2/2
  1494 | D:2      | Found Koizeal's Distillery.
  1713 | D:2      | Noticed Robin
  1721 | D:2      | Killed Robin
  1742 | D:2      | Reached skill level 6 in Fighting
  1742 | D:2      | Reached XP level 4. HP: 33/44 MP: 3/3
  1771 | D:2      | Found Uzepell's Armour Shop.
  1851 | D:2      | Found Cyrra's General Store.
  1933 | D:2      | Found a faded altar of an unknown god.
  1937 | D:2      | Prayed at the altar of an unknown god.
  1937 | D:2      | Became a worshipper of Lugonu the Unformed
  1937 | D:2      | Reached * piety under Lugonu
  1937 | D:2      | Reached ** piety under Lugonu
  1937 | D:2      | Reached *** piety under Lugonu
  2326 | D:3      | Noticed Jessica
  2333 | D:3      | Killed Jessica
  2336 | D:3      | Reached skill level 1 in Armour
  2436 | D:3      | Reached XP level 5. HP: 51/51 MP: 4/4
  2445 | D:3      | Reached **** piety under Lugonu
  2448 | D:3      | Reached skill level 1 in Invocations
  2901 | D:4      | Reached XP level 6. HP: 47/58 MP: 6/6
  3274 | D:4      | Reached skill level 7 in Fighting
  3309 | D:4      | Found a glowing drain.
  3323 | Sewer    | Entered a sewer
  3347 | Sewer    | Reached skill level 5 in Maces & Flails
  3415 | Sewer    | Reached ***** piety under Lugonu
  3512 | Sewer    | Reached XP level 7. HP: 66/66 MP: 8/8
  3774 | D:4      | Noticed Eustachio
  3826 | D:4      | Killed Eustachio
  3988 | D:5      | Entered Level 5 of the Dungeon
  4162 | D:5      | Noticed a steam dragon
  4162 | D:5      | Noticed a steam dragon
  4494 | D:5      | Found an iron altar of Okawaru.
  4728 | D:5      | Reached XP level 8. HP: 74/74 MP: 9/9
  4808 | D:5      | Reached skill level 8 in Fighting
  4828 | D:5      | Reached skill level 5 in Armour
  4913 | D:5      | Found a snail-covered altar of Cheibriados.
  4913 | D:5      | Noticed Edmund
  4927 | D:5      | Killed Edmund
  5379 | D:5      | Found a burning altar of Makhleb.
  5381 | D:5      | Noticed a blizzard demon
  5385 | D:5      | Noticed a smoke demon
  5675 | D:5      | Reached skill level 5 in Invocations
  5882 | D:6      | Identified the +1 pair of gloves "Fuppuo Cahax" {Rampage
                  | Will++ Regen+ Str-5}
  5927 | D:6      | Reached skill level 9 in Fighting
  5959 | D:6      | Reached XP level 9. HP: 70/83 MP: 12/12
  6029 | D:6      | Found a basalt altar of Yredelemnul.
  6224 | D:6      | Got the Collected Works on Remoulded Transposition
  6471 | D:6      | Found an ornate altar of the Wu Jian Council.
  6667 | D:7      | Found a staircase to the Ecumenical Temple.
  6745 | D:7      | Noticed Pikel
  6748 | D:7      | Reached skill level 10 in Fighting
  6780 | D:7      | Killed Pikel
  6890 | D:7      | Reached ****** piety under Lugonu
  7040 | D:7      | Noticed Menkaure
  7046 | D:7      | Killed Menkaure
  7055 | D:7      | Found a bloodstained altar of Trog.
  7185 | D:7      | Found a shimmering altar of Xom.
  7185 | D:7      | Found a shimmering altar of Xom.
  7186 | D:7      | Found a shimmering altar of Xom.
  7186 | D:7      | Found a shimmering altar of Xom.
  7186 | D:7      | Found a shimmering altar of Xom.
  7186 | D:7      | Found a shimmering altar of Xom.
  7187 | D:7      | Found a shimmering altar of Xom.
  7188 | D:7      | Found a shimmering altar of Xom.
  7188 | D:7      | Found a shimmering altar of Xom.
  7427 | D:8      | Noticed Grum
  7434 | D:8      | Reached XP level 10. HP: 92/94 MP: 14/14
  7448 | D:8      | Killed Grum
  7449 | D:8      | Reached skill level 11 in Fighting
  7580 | D:8      | Reached skill level 10 in Maces & Flails
  7626 | D:8      | Found a staircase to the Lair.
  7777 | D:8      | Reached skill level 1 in Ranged Weapons
  8808 | D:9      | Found a transporter.
  8810 | D:9      | Found a transporter.
  8810 | D:9      | Noticed Stormy's ghost (journeyman TrEE)
  8882 | D:9      | Reached skill level 1 in Axes
  9125 | D:9      | Reached skill level 12 in Fighting
  9135 | D:9      | Found a staircase to the Orcish Mines.
  9273 | D:9      | Noticed a two-headed ogre
  9281 | D:9      | Killed a two-headed ogre
  9451 | D:10     | Entered Level 10 of the Dungeon
  9461 | D:9      | Reached XP level 11. HP: 82/104 MP: 16/16
  9496 | D:9      | Corrupted D:9
  9496 | D:9      | Noticed a thrashing horror
  9498 | D:9      | Noticed a thrashing horror
  9498 | D:9      | Noticed a bone dragon
  9499 | D:9      | Noticed a large abomination
  9503 | D:9      | Noticed a large abomination
  9507 | D:9      | Noticed a wolf spider
  9514 | D:9      | Noticed a large abomination
  9516 | D:9      | Noticed a wolf spider
  9517 | D:9      | Noticed a wolf spider
  9519 | D:9      | Killed Stormy's ghost
  9543 | D:9      | Noticed a green death
  9710 | D:10     | Found a sparkling altar of Nemelex Xobeh.
 10370 | D:11     | Identified a scroll of acquirement
 10370 | D:11     | Acquired 892 gold pieces
 10587 | D:2      | Bought +2 storm dragon scales for 1104 gold pieces
 11036 | D:11     | Reached skill level 5 in Ranged Weapons
 11043 | D:11     | Reached skill level 5 in Axes
 11345 | D:11     | Gained mutation: Your magical capacity is low. (-10% MP) [a
                  | neqoxec]
 11358 | D:11     | HP: 1/105 [orange demon[a kobold demonologist] (5)]
 11358 | D:11     | Mangled by an orange demon

Illustrated notes

Levels and vault maps discovered:
D:1:      dpeg_cavernosity, layout_basic, lemuel_flame_loot_1
D:2:      layout_loops_ring, serial_shops, shop_statue,
          nicolae_shop_advertising_works [nicolae_subvault_shop_adworks], shop,
          shapermc_ecumenical_altar_venn, uniq_robin
D:3:      layout_basic, minivault_26, uniq_jessica
D:4:      layout_rooms, nicolae_overflow_hidden_temple, portal_sewer_entry_d,
          mrwooster_statue_mirror, uniq_eustachio
D:5:      kennysheep_steamy, layout_basic, mainiacjoe_overflow_surrounded_room,
          makhleb_altar_promises_db, mainiacjoe_overflow_paths,
          kennysheep_small_circle, uniq_edmund
D:6:      layout_cave_pods, old_standard_altar,
          yredelemnul_forgotten_temple_becter
D:7:      layout_gridville, trog_hazing_becter, xom_shifter_show,
          minmay_temple_entry_nine_rooms, minmay_mini_ossuary, uniq_menkaure,
          uniq_pikel
D:8:      layout_layer_cave, erik_lair_island, minmay_stone_trees_medium,
          uniq_grum
D:9:      layout_irregular_city, orc_0_dummy, gammafunk_ghost_hive,
          minmay_misc_feat_cross
D:10:     layout_long_grid, mainiacjoe_overflow_concentric_impassable
D:11:     layout_stronghold, minmay_statue_bubble

Skill      XL: |  1  2  3  4  5  6  7  8  9 10 11 |
---------------+----------------------------------+-----
Fighting       | 4 5 6 7 9 10 12 | 12.7
Armour         | 1 2 3 4 5 |  5.5
Invocations    | 2 3 5 7 8 9 |  9.5
Maces & Flails | 4 5 6 7 9 10 | 10.5
Ranged Weapons | 3 5 |  5.4
Axes           | 3 5 |  5.2
Polearms       | |  0.6
Dodging        | |  3.2
Stealth        | |  1.5

Action                   |  1- 3 |  4- 6 |  7- 9 | 10-12 || total
-------------------------+-------+-------+-------+-------++-------
Melee: Mace              |    90 |    73 |       |       ||   163
       Headbutt          |    11 |    22 |    62 |    36 ||   131
       Flail             |       |   115 |   296 |    78 ||   489
       Punch             |       |     2 |     6 |       ||     8
       Battleaxe         |       |       |       |   113 ||   113
 Fire: Shortbow          |       |       |       |   150 ||   150
Throw: Dart              |       |       |    12 |       ||    12
       Boomerang         |       |       |     4 |       ||     4
Invok: Corrupt           |       |       |       |     1 ||     1
  Use: Scroll            |     1 |     9 |     8 |    10 ||    28
       Potion            |       |       |       |     3 ||     3
 Stab: Sleeping          |     9 |     2 |     3 |     1 ||    15
       Invisible         |       |       |       |     3 ||     3
       Distracted        |       |       |       |     1 ||     1
Armor: Robe              |     4 |       |       |       ||     4
       Ring mail         |     9 |    49 |    33 |       ||    91
       Scale mail        |       |       |    27 |       ||    27
       Steam dragon scal |       |       |    33 |    37 ||    70
       Storm dragon scal |       |       |       |    53 ||    53
Dodge: Dodged            |    44 |   188 |   237 |   247 ||   716
Block: Buckler           |       |       |    25 |    12 ||    37

Table legend: (Time is in decaauts)
 A = Elapsed time spent in this place.
 B = Non-inter-level travel time spent in this place.
 C = Inter-level travel time spent in this place.
 D = Time resting spent in this place.
 E = Time spent auto-exploring this place.
 F = Levels seen in this place.
 G = Mean time per level.
                   A        B        C        D        E       F      G
               +--------+--------+--------+--------+--------+-----+--------+
         Total |  11545 |  10726 |    819 |    271 |   8041 |  12 |  962.1 |
       Dungeon |  11197 |  10378 |    819 |    271 |   7834 |  11 | 1017.9 |
         Sewer |    348 |    348 |      0 |      0 |    207 |   1 |  348.0 |
               +--------+--------+--------+--------+--------+-----+--------+

Top non-repeatable levels by time:
     D:5: 1957 daAuts
     D:1: 1439 daAuts
     D:8: 1314 daAuts
     D:9: 1159 daAuts
     D:4: 918 daAuts
     D:2: 910 daAuts
     D:6: 830 daAuts
    D:10: 709 daAuts
     D:7: 673 daAuts
     D:3: 659 daAuts
    D:11: 624 daAuts
   Sewer: 348 daAuts
